 Dungeon Crawl Stone Soup version 0.30-a0-469-g84de5afbc5 (webtiles) character file.

Game seed: 3393303693359151633

95 kae the Firebug (level 4, -8/24 HPs)
             Began as a Tengu Fire Elementalist on Dec 19, 2022.
             Mangled by an iron imp (10 damage)
             ... summoned by Natasha
             ... on level 3 of the Dungeon.
             The game lasted 00:01:17 (2446 turns).

kae the Firebug (Tengu Fire Elementalist)           Turns: 2446, Time: 00:01:18

Health: -8/24      AC:  2    Str:  8    XL:     4   Next: 66%
Magic:  0/9        EV: 12    Int: 17    God:
Gold:   221        SH:  0    Dex: 15    Spells: 2/8 levels left

rFire   . . .      SeeInvis .    e - +0 war axe
rCold   . . .      Faith    .    (no shield)
rNeg    . . .      Spirit   .    a - +0 robe
rPois   .          Reflect  .    (helmet restricted)
rElec   .          Harm     .    (no cloak)
rCorr   .          Rampage  .    (no gloves)
Will    .....                    (boots unavailable)
Stlth   ++........               (no amulet)
HPRegen 0.24/turn                (no ring)
MPRegen 0.11/turn                (no ring)

@: slowed, very slow
A: beak, talons 3
a: no special abilities


You were on level 3 of the Dungeon.
You visited 1 branch of the dungeon, and saw 3 of its levels.

You collected 221 gold pieces.


Innate Abilities, Weirdness & Mutations

You have a beak for a mouth.
You have claws for feet.


   Skills:
 - Level 2.1 Dodging
 - Level 2.0 Stealth
 + Level 2.6 Spellcasting
 * Level 3.6 Conjurations
 * Level 4.4 Fire Magic


You had 2 spell levels left.
You knew the following spells:

 Your Spells              Type           Power      Damage    Failure   Level
a - Foxfire               Conj/Fire      64%        2x1d7     3%          1
b - Scorch                Fire           34%        2d7       4%          2
c - Inner Flame           Hex/Fire       9%         N/A       22%         3

Your spell library contained the following spells:

 Spells                   Type           Power      Damage    Failure   Level
 Kindle Blastsparks       Fire/Tloc/Air  14%        2d11      30%         3
 Flame Wave               Conj/Fire      16%        2d7       34%         4

Inventory:

Hand Weapons
 e - a +0 war axe (weapon)
   (You found it on level 1 of the Dungeon)
Missiles
 d - 2 poisoned darts
 f - 47 stones
Armour
 a - a +0 robe (worn)
Scrolls
 g - 2 scrolls of enchant armour {unknown}
 h - a scroll of teleportation {@r4}
 j - a scroll of silence {unknown}
 n - a scroll of identify {@r1}
 o - a scroll of blinking {unknown}
Potions
 b - a potion of magic
 c - 2 potions of brilliance {unknown}
 i - 3 potions of curing {unknown}
 k - a potion of haste {@q3}
 l - a potion of attraction {unknown}
 m - a potion of heal wounds {unknown}
 p - a potion of lignification {unknown}

Dungeon Overview and Level Annotations

Branches:
Dungeon (3/15) Zot: 15548

Altars:
Wu Jian

Annotations:
D:2 exclusion: black bear
D:3 Natasha

#..#.#.#..##..............
#).......###.##.#.##.#..#.
#..#.#.### #.#.....#.....
#.......# # #..##.#..####
#..#.#.## #......>.....
#.......# #...#.#.#.###
#..#.#.#### #............
#.........#.....##.#.#.###
####+####@#.^#.....#†#.##.
#...5h..#####.#<#.##.
#.##.#..........†..+. #
..#..........#.##. ###
....>....#.#..
.#########.#.# # #.....#.#
#[#####.# #.# #.#


You could see an iron imp (summoned) and Natasha.


Message History

You kill the ball python! 😎 MP[-1]
You lost 1 mp, and now have 5/8 mp.
Found an escape hatch in the ceiling.
p - a smoky yellow potion 😎 MP[+1]
Found a stone staircase leading up.
A hobgoblin comes into view. 😎 MP[+2]
Your mp is fully restored (8).
A hobgoblin is nearby!
A hobgoblin is nearby!
A hobgoblin is nearby!
Casting: Foxfire (safe; 3% risk of failure)
Confirm with . or Enter, or press ? or * to list all spells.
You conjure some foxfire!
The hobgoblin shouts!
The foxfire hits the hobgoblin. 😎 MP[-1]
You lost 1 mp, and now have 7/8 mp.
Casting: Foxfire (safe; 3% risk of failure)
Confirm with . or Enter, or press ? or * to list all spells.
You conjure some foxfire!
The foxfire hits the hobgoblin.
You kill the hobgoblin!
A frilled lizard comes into view.
The frilled lizard moves out of view.
Casting: Foxfire (safe; 3% risk of failure)
Confirm with . or Enter, or press ? or * to list all spells.
You conjure some foxfire! 😎 MP[-1]
You lost 1 mp, and now have 6/9 mp.
A frilled lizard is nearby!
A frilled lizard is nearby!
Casting: Foxfire (safe; 3% risk of failure)
Confirm with . or Enter, or press ? or * to list all spells.
You conjure some foxfire!
The foxfire hits the frilled lizard.
You kill the frilled lizard! 😎 MP[-1]
You lost 1 mp, and now have 5/9 mp.
Casting: Foxfire (safe; 3% risk of failure)
Confirm with . or Enter, or press ? or * to list all spells.
You conjure some foxfire!
This spell is extremely dangerous to cast!
Memorise Inner Flame, consuming 3 spell levels and leaving 2?
You start memorising the spell.
You continue memorising. x3
You finish memorising.
Spell assigned to 'c'.
Okay, then.
i - 3 silvery potions (gained 1) Natasha, Servant of Life and Death comes into view. 😎 MP[+4]
Your mp is fully restored (9).
Casting: Foxfire (safe; 3% risk of failure)
Confirm with . or Enter, or press ? or * to list all spells.
Flames lash Natasha.
Natasha's fire resistance burns away.
Natasha claws you! Natasha casts a spell at you.
You feel yourself slow down. 😮 HP[-7] MP[-2]
You take 7 damage, and now have 17/24 hp.
MASSIVE DAMAGE!! (PAUSE)
You lost 2 mp, and now have 7/9 mp.
Casting: Scorch (safe; 4% risk of failure)
Confirm with . or Enter, or press ? or * to list all spells.
Flames lash Natasha.
Natasha is burned terribly!
Natasha closely misses you. Natasha claws you.
Natasha casts a spell. 😮 HP[-2] MP[-2]
You take 2 damage, and now have 15/24 hp.
You lost 2 mp, and now have 5/9 mp.
Casting: Scorch (safe; 4% risk of failure)
Confirm with . or Enter, or press ? or * to list all spells.
Flames lash the iron imp.
The iron imp completely resists.
Natasha barely misses you. Natasha claws you.
Natasha misses you. 😮 HP[-1] MP[-2]
You take 1 damage, and now have 14/24 hp.
You lost 2 mp, and now have 3/9 mp.
Casting: Scorch (safe; 4% risk of failure)
Confirm with . or Enter, or press ? or * to list all spells.
Flames lash the iron imp.
The iron imp completely resists.
Natasha is no longer more vulnerable to fire.
Natasha barely misses you. The iron imp closely misses you. Natasha claws you.
* * * LOW HITPOINT WARNING * * *
The iron imp misses you.
Natasha howls an incantation.
Natasha glows brightly for a moment.
Natasha stares at you and mumbles some strange words.
You feel as though you will be slow longer. 😨 HP[-4] MP[-1]
You take 4 damage, and now have 10/24 hp.
You lost 1 mp, and now have 2/9 mp.
Unknown command.
Casting: Scorch (safe; 4% risk of failure)
Confirm with . or Enter, or press ? or * to list all spells.
Flames lash the iron imp.
The iron imp completely resists.
Natasha claws you.
* * * LOW HITPOINT WARNING * * *
The iron imp closely misses you. Natasha claws you.
* * * LOW HITPOINT WARNING * * *
The iron imp hits you!
You die...

Skill      XL: |  1  2  3 |
---------------+----------+-----
Conjurations   | 2 3 |  3.6
Fire Magic     | 4 |  4.4
Dodging        | |  2.1
Stealth        | |  2.0
Spellcasting   | |  2.6

Action                   |  1- 3 |  4- 6 || total
-------------------------+-------+-------++-------
Melee: Unarmed           |     1 |       ||     1
       Kick              |     1 |       ||     1
       Peck              |     1 |       ||     1
       War axe           |     2 |       ||     2
 Cast: Foxfire           |    68 |    19 ||    87
       Scorch            |     3 |    13 ||    16
  Use: Scroll            |     3 |       ||     3
Armor: Robe              |     9 |     2 ||    11
Dodge: Dodged            |    17 |    11 ||    28

Levels and vault maps discovered:
D:1:      shiori_arrival_maze, layout_basic, ebering_ecumenical_altar_hall,
          minmay_small_reverse_x
D:2:      layout_loops_ring, minmay_misc_feat_four_crosses
D:3:      layout_basic, lemuel_coloured_pillars_altar,
          nzn_wu_jian_contemplation, chequers_mini_garden,
          kennysheep_minor_cross, st_stairs_13, uniq_ijyb, uniq_natasha,
          uniq_grinder

Notes
Turn   | Place    | Note
-------+----------+-------------------------------------------
     0 | D:1      | kae the Tengu Fire Elementalist began the quest for the
                  | Orb.
     0 | D:1      | Reached XP level 1. HP: 10/10 MP: 4/4
     0 | D:1      | magus.rc [v1.11.3]
   128 | D:1      | Reached skill level 2 in Conjurations
   128 | D:1      | Reached XP level 2. HP: 11/15 MP: 0/6
   135 | D:1      | Learned a level 2 spell: Scorch
   478 | D:1      | Reached XP level 3. HP: 19/19 MP: 1/7
   915 | D:1      | Found a faded altar of an unknown god.
  1264 | D:2      | Reached skill level 4 in Fire Magic
  1377 | D:2      | Reached skill level 3 in Conjurations
  1563 | D:2      | Reached XP level 4. HP: 24/24 MP: 1/8
  1839 | D:2      | Noticed a black bear
  2103 | D:3      | Noticed Natasha
  2142 | D:3      | Killed Natasha
  2254 | D:3      | Found an ornate altar of the Wu Jian Council.
  2401 | D:3      | Learned a level 3 spell: Inner Flame
  2437 | D:3      | Noticed Natasha
  2446 | D:3      | HP: 5/24 [Natasha (5)]
  2446 | D:3      | HP: 2/24 [Natasha (3)]
  2446 | D:3      | Mangled by an iron imp

Vanquished Creatures
  Natasha (D:3)
  2 adders (D:2)
  3 dart slugs
  3 endoplasms
  2 giant cockroaches (D:1)
  5 hobgoblins
  4 jackals (D:1)
  4 kobolds
  4 quokkas
  6 ball pythons
  2 bats
  4 frilled lizards
  7 rats
47 creatures vanquished.

Vanquished Creatures (others)
  150 foxfires
150 creatures vanquished.

Grand Total: 197 creatures vanquished

Table legend:
 A = Non-vault XP
 B = Vault XP
 C = Vault XP percentage of total XP
 D = Non-vault monster count
 E = Vault monster count
 F = Vault count percentage of total count
                 A         B        C        D         E       F
            +---------+---------+-------+---------+---------+-------
      Total |      91 |      46 |  33.6 |      39 |       8 |  17.0
            +---------+---------+-------+---------+---------+-------
        D:1 |      37 |      10 |  21.3 |      23 |       6 |  20.7
        D:2 |      44 |       0 |   0.0 |       9 |       0 |   0.0
        D:3 |      10 |      36 |  78.3 |       7 |       2 |  22.2
            +---------+---------+-------+---------+---------+-------

Illustrated notes

Table legend:
 A = Kills in this place as a percentage of kills in entire the game.
 B = Kills by you in this place as a percentage of kills by you in the entire game.
 C = Kills by friends in this place as a percentage of kills by friends in the entire game.
 D = Other kills in this place as a percentage of other kills in the entire game.
 E = Experience gained in this place as a percentage of experience gained in the entire game.
 F = Experience gained in this place divided by the number of levels of this place that you have seen.
                   A       B       C       D       E      F
               +-------+-------+-------+-------+-------+----------------------
         Total | 100.0 | 100.0 |   N/A |   N/A | 100.0 |  45.7
       Dungeon | 100.0 | 100.0 |   N/A |   N/A | 100.0 |  45.7
               +-------+-------+-------+-------+-------+----------------------

Table legend: (Time is in decaauts)
 A = Elapsed time spent in this place.
 B = Non-inter-level travel time spent in this place.
 C = Inter-level travel time spent in this place.
 D = Time resting spent in this place.
 E = Time spent auto-exploring this place.
 F = Levels seen in this place.
 G = Mean time per level.
                   A        B        C        D        E       F      G
               +--------+--------+--------+--------+--------+-----+--------+
         Total |   2450 |   2371 |     79 |      0 |   2056 |   3 |  816.7 |
       Dungeon |   2450 |   2371 |     79 |      0 |   2056 |   3 |  816.7 |
               +--------+--------+--------+--------+--------+-----+--------+

Top non-repeatable levels by time:
     D:1: 1254 daAuts
     D:2: 879 daAuts
     D:3: 316 daAuts
